Map: Jagannatha LE

Players

Denver - Winner!

  • Race: Zerg Zerg

Lilbow

  • Race: Protoss Protoss

Event: DreamHack SC2 Masters 2021 Fall

VOD

Have the link to the VOD?

Description

Time

  • Played on: Aug. 5, 2021, 1:21 p.m.
  • Length: 6:43

All games in this series

Show
View Real Time Build Order
Export as new Build Order

Denver Zerg - Winner!

Build Orders: Hatch First 

Get SALT Encoding   

  12  0:00  Drone  
  13  0:12  Overlord  
  13  0:16  Drone  
  14  0:31  Drone x2  
  16  0:48  Hatchery  
  15  0:52  Drone  
  15  0:55  Drone  
  17  0:59  Drone  
  18  1:09  Extractor  
  17  1:15  Spawning Pool  
  17  1:18  Drone  
  17  1:22  Drone  
  18  1:30  Drone  
  19  1:39  Drone  
  20  1:49  Overlord  
  20  2:01  Queen  
  20  2:02  Queen  
  20  2:04  Zergling x4  
  26  2:11  Metabolic Boost  
  26  2:13  Drone  
  27  2:15  Drone  
  27  2:21  Drone  
  29  2:29  Drone  
  30  2:40  Hatchery  
  30  2:43  Drone x2  
  31  2:45  Drone  
  31  2:50  Overlord  
  34  2:58  Queen  
  34  3:02  Drone x2  
  36  3:09  Drone x3  
  36  3:12  Drone  
  40  3:13  Drone  
  40  3:16  Overlord  
  40  3:19  Zergling x2  
  42  3:21  Zergling x2  
  42  3:25  Drone  
  44  3:27  Overlord  
  44  3:34  Queen  
  44  3:36  Drone x2  
  44  3:38  Spore Crawler  
  44  3:40  Drone  
  48  3:43  Overlord  
  48  3:48  Drone x2  
  50  3:51  Drone  
  50  3:52  Drone x2  
  53  4:00  Spore Crawler, Queen  
  54  4:06  Drone x3  
  54  4:09  Spore Crawler  
  56  4:13  Drone x3  
  56  4:16  Overlord  
  59  4:21  Queen  
  61  4:26  Drone x3  
  61  4:27  Drone  
  61  4:29  Overlord  
  65  4:36  Roach Warren  
  65  4:37  Overlord  
  64  4:39  Extractor  
  64  4:41  Drone x3  
  64  4:44  Overlord  
  66  4:52  Drone  
  66  4:53  Drone x5  
  71  5:02  Drone  
  71  5:03  Extractor, Drone x2  
  71  5:04  Drone  
  74  5:11  Zergling x4  
  74  5:12  Overlord  
  76  5:18  Roach x7  
  89  5:27  Roach x4  
  96  5:34  Overlord  
  96  5:35  Zergling x8  
  97  5:40  Ravager x2  
  97  5:41  Queen  
  97  5:42  Overlord  
  104  5:45  Zergling x4  
  104  5:47  Overlord  
  106  5:51  Queen  
  106  5:53  Ravager x2  
  106  5:55  Zergling x8  
  106  5:56  Overlord  
  114  6:02  Overlord  
  114  6:05  Zergling x8  
  116  6:16  Zergling x6  
  115  6:24  Zergling x6  
  111  6:33  Evolution Chamber  
  108  6:41  Hatchery, Evolution Chamber  
Show
View Real Time Build Order
Export as new Build Order

Lilbow Protoss 

Build Orders: 1 Gate Expand, Oracle Opening 

Get SALT Encoding   

  12  0:00  Probe  
  13  0:15  Pylon  
  13  0:17  Probe (Chrono Boost)  
  14  0:27  Probe (Chrono Boost)  
  15  0:32  Probe (Chrono Boost)  
  16  0:42  Gateway  
  16  0:44  Probe  
  17  0:51  Assimilator  
  17  0:56  Probe  
  18  1:08  Probe  
  19  1:20  Probe  
  20  1:26  Nexus  
  20  1:37  Cybernetics Core  
  20  1:41  Probe  
  20  1:45  Assimilator  
  21  1:53  Probe  
  22  1:55  Pylon  
  22  2:04  Probe  
  23  2:11  Adept (Chrono Boost)  
  23  2:12  Probe  
  25  2:20  Stargate, Probe  
  27  2:30  Warp Gate  
  27  2:34  Adept, Probe (Chrono Boost)  
  30  2:39  Probe (Chrono Boost)  
  32  2:48  Probe x2 (Chrono Boost)  
  33  2:53  Probe (Chrono Boost)  
  33  2:54  Void Ray (Chrono Boost)  
  33  2:56  Probe  
  35  3:05  Probe  
  40  3:10  Pylon  
  40  3:11  Probe  
  41  3:17  Gateway, Probe  
  42  3:23  Probe  
  43  3:29  Probe  
  43  3:30  Oracle  
  47  3:35  Probe  
  48  3:41  Probe  
  48  3:47  Probe  
  50  3:49  Nexus  
  50  3:53  Probe  
  50  3:54  Pylon  
  51  4:01  Probe  
  52  4:02  Assimilator  
  52  4:04  Assimilator  
  52  4:06  Probe (Chrono Boost)  
  52  4:09  Stargate  
  53  4:13  Probe (Chrono Boost)  
  54  4:18  Probe (Chrono Boost)  
  54  4:22  Pylon  
  54  4:23  Probe (Chrono Boost)  
  56  4:25  Probe (Chrono Boost)  
  56  4:26  Robotics Facility  
  56  4:28  Probe (Chrono Boost)  
  58  4:32  Probe  
  58  4:33  Forge  
  58  4:34  Void Ray  
  59  4:39  Probe  
  59  4:44  Probe  
  65  4:49  Void Ray  
  65  4:51  Probe (Chrono Boost)  
  68  5:02  Probe (Chrono Boost)  
  68  5:03  Probe (Chrono Boost)  
  68  5:05  Zealot  
  72  5:08  Probe (Chrono Boost)  
  72  5:11  Shield Battery, Probe (Chrono Boost)  
  72  5:12  Probe (Chrono Boost)  
  75  5:14  Void Ray  
  75  5:15  Probe (Chrono Boost)  
  75  5:16  Probe (Chrono Boost)  
  75  5:20  Probe  
  81  5:23  Robotics Bay  
  81  5:26  Probe  
  81  5:28  Probe  
  83  5:32  Probe  
  84  5:37  Assimilator  
  84  5:38  Probe  
  84  5:40  Assimilator  
  84  5:41  Photon Cannon  
  85  5:44  Photon Cannon  
  85  5:49  Pylon  
  85  5:59  Photon Cannon  
  85  6:01  Shield Battery  
  85  6:03  Shield Battery  
  85  6:05  Shield Battery  
  85  6:08  Pylon  
  84  6:16  Disruptor (Chrono Boost)  
  84  6:18  Zealot  
  88  6:26  Shield Battery  
  88  6:28  Shield Battery  
  88  6:31  Stalker  

Tags
 
Add a new tag
Caveats
  • Supply blocks, unpowered buildings, or Contaminate may cause inaccurate times.
  • Supply counts are checked every 10 seconds.